 Dungeon Crawl Stone Soup version 0.23-a0-143-g1adec7b (webtiles) character file.

364 Amnesiac the Chiller (level 6, 0/41 HPs)
             Began as a Mummy Ice Elementalist on Sept 3, 2018.
             Slain by Duvessa
             ... wielding a +0 short sword
              (2 damage)
             ... on level 4 of the Dungeon.
             The game lasted 00:06:37 (2083 turns).

Amnesiac the Chiller (Mummy Ice Elementalist)       Turns: 2083, Time: 00:06:38

Health: 0/41       AC:  2    Str: 12    XL:     6   Next: 39%
Magic:  2/13       EV: 12    Int: 16    God:
Gold:   104        SH:  0    Dex: 12    Spells: 1/15 levels left

rFire    x . .     SeeInvis .   a - +2 hunting sling (velocity)
rCold    + . .     Gourm    .   (no shield)
rNeg     + + +     Faith    .   e - +0 robe
rPois    ∞         Spirit   .   (no helmet)
rElec    .         Reflect  .   (no cloak)
rCorr    .         Harm     .   (no gloves)
MR       .....                  (no boots)
Stlth    ++........             (no amulet)
HPRegen  0.13/turn              (no ring)
MPRegen  0.13/turn              (no ring)

@: very slightly contaminated
A: no food or potions, fire vulnerability, cold resistance 1, negative energy
resistance 3, torment resistance, unbreathing
a: no special abilities


You were on level 4 of the Dungeon.
You were not hungry.

You visited 1 branch of the dungeon, and saw 5 of its levels.

You collected 104 gold pieces.

Inventory:

Hand Weapons
 a - a +2 hunting sling of velocity (weapon)
Missiles
 f - 16 stones (quivered)
Armour
 e - a +0 robe (worn)
 h - a +0 shield
 i - a +0 cloak
Wands
 g - a wand of digging (23)
Scrolls
 b - a scroll of immolation {!r}
 c - a scroll of teleportation {!r}
 d - a scroll of identify {!r}


   Skills:
 - Level 1.5 Dodging
 - Level 1.5 Stealth
 + Level 5.1 Spellcasting
 - Level 0.7 Conjurations
 * Level 5.2 Ice Magic


You had one spell level left.
You knew the following spells:

 Your Spells              Type           Power        Failure   Level  Hunger
a - Freeze                Ice            ###.         1%          1    N/A
b - Ozocubu's Armour      Chrm/Ice       ##......     16%         3    N/A
c - Summon Ice Beast      Ice/Summ       ##......     45%         4    N/A
d - Throw Icicle          Conj/Ice       ##......     41%         4    N/A
e - Throw Frost           Conj/Ice       ##....       7%          2    N/A

Your spell library contained the following spells:

 Spells                   Type           Power        Failure   Level  Hunger


Dungeon Overview and Level Annotations

Branches:
Dungeon (5/15)
 Temple: D:4-7

Altars:
Ru

Annotations:
D:4 Duvessa


Innate Abilities, Weirdness & Mutations

You do not eat or drink.
Your flesh is vulnerable to fire.
You are immune to poison.
Your flesh is cold resistant. (rC+)
You are immune to negative energy. (rN+++)
You are immune to unholy pain and torment.
You can survive without breathing.


Message History

Aim: Duvessa, wielding a short sword and wearing a leather armour (heavily You shoot a stone.
The stone barely misses Duvessa.
Duvessa looks more energetic.
Unknown command.
Quiver which item? (- for none, * to show all) (? for menu, Esc to quit)
Okay, then.
Search for what [Enter for "sto", or ? for help]? bul Unknown command.
Duvessa shakes in a combination of rage and grief.
Found a cloak.
You see here a cloak.
i - a cloak Duvessa grits her teeth and focuses.
Duvessa says, "I will avenge him!"
Casting: Summon Ice Beast (quite dangerous; 45% risk of failure)
Confirm with . or Enter, or press ? or * to list all spells.
Okay, then.
Casting: Summon Ice Beast (quite dangerous; 45% risk of failure)
Confirm with . or Enter, or press ? or * to list all spells.
A chill wind blows around you.
There is a stone staircase leading up here.
Firing (i - inventory)
f - 17 stones (quivered)
Press: ? - help, Shift-Dir - straight line, f/p - Duvessa
Aim: Duvessa, wielding a short sword and wearing a leather armour (moderately You shoot a stone.
The stone closely misses Duvessa.
Duvessa hits you with a short sword.
* * * LOW HITPOINT WARNING * * *
Unknown command.
Casting: Summon Ice Beast (quite dangerous; 45% risk of failure)
Confirm with . or Enter, or press ? or * to list all spells.
Aiming: Freeze (safe; 1% risk of failure)
Press: ? - help, Shift-Dir - straight line, f/p - Duvessa
Aim: Duvessa, wielding a short sword and wearing a leather armour (moderately You freeze Duvessa.
Duvessa is moderately wounded.
Duvessa hits you but does no damage.
Casting: Freeze (safe; 1% risk of failure)
Confirm with . or Enter, or press ? or * to list all spells.
Aiming: Freeze (safe; 1% risk of failure)
Press: ? - help, Shift-Dir - straight line, f/p - Duvessa
Aim: Duvessa, wielding a short sword and wearing a leather armour (moderately You freeze Duvessa.
Duvessa is heavily wounded.
Duvessa says, "I will avenge him!"
Duvessa hits you with a short sword!
* * * LOW HITPOINT WARNING * * *
Casting: Freeze (safe; 1% risk of failure)
Confirm with . or Enter, or press ? or * to list all spells.
Aiming: Freeze (safe; 1% risk of failure)
Press: ? - help, Shift-Dir - straight line, f/p - Duvessa
Aim: Duvessa, wielding a short sword and wearing a leather armour (heavily You freeze Duvessa.
Duvessa is heavily wounded.
Duvessa hits you with a short sword.
* * * LOW HITPOINT WARNING * * *
Casting: Freeze (safe; 1% risk of failure)
Confirm with . or Enter, or press ? or * to list all spells.
Aiming: Freeze (safe; 1% risk of failure)
Press: ? - help, Shift-Dir - straight line, f/p - Duvessa
Aim: Duvessa, wielding a short sword and wearing a leather armour (heavily You freeze Duvessa.
Duvessa is heavily wounded.
Duvessa hits you with a short sword.
You die...

..#
#.......##.##.##.#
....#.......##.##.#
#.........##.##.# #
#.#..........##.##.#
......#[#####....>..#
........#.# #.##.####
####.##.#)#####.##.#
#.##.#........#.#
#.....@.#.......# #
####..eY..##..#.#
#### #............#
#... #......###.#.#
#...
##...#.......####.#.
##.................
#...#####.###.##.##
#...# #.###.##.##
#...#####.#.......#


You could see Duvessa and a friendly ice beast.

Vanquished Creatures
  A necrophage (D:3)
  An ogre (D:4)
  Dowan (D:4)
  An orc wizard (D:3)
  2 iguanas (D:4)
  An adder (D:4)
  An ooze (D:4)
  A dart slug (D:3)
  3 leopard geckos
  5 orcs
  5 bats
  3 goblins
  3 hobgoblins (D:3)
  5 jackals
  4 frilled lizards
  3 kobolds
  3 rats
43 creatures vanquished.

Notes
Turn   | Place    | Note
-------+----------+-------------------------------------------
     0 | D:1      | Amnesiac the Mummy Ice Elementalist began the quest for the
                  | Orb.
     0 | D:1      | Reached XP level 1. HP: 13/13 MP: 4/4
   294 | D:2      | Reached XP level 2. HP: 19/19 MP: 3/5
   298 | D:2      | Learned a level 2 spell: Throw Frost
   580 | D:3      | Noticed a necrophage
   588 | D:3      | Killed a necrophage
   588 | D:3      | Reached XP level 3. HP: 19/24 MP: 8/8
   588 | D:3      | Reached XP level 4. HP: 24/30 MP: 9/9
   594 | D:3      | Learned a level 4 spell: Summon Ice Beast
   914 | D:5      | Entered Level 5 of the Dungeon
   922 | D:4      | Reached XP level 5. HP: 35/35 MP: 8/11
   995 | D:4      | Found a sacrificial altar of Ru.
  1001 | D:4      | Noticed an ogre
  1279 | D:4      | Killed an ogre
  1279 | D:4      | Reached XP level 6. HP: 3/41 MP: 4/13
  1285 | D:4      | Learned a level 4 spell: Throw Icicle
  1289 | D:4      | Learned a level 3 spell: Ozocubu's Armour
  1585 | D:4      | Reached skill level 5 in Ice Magic
  1739 | D:4      | Noticed Duvessa
  1739 | D:4      | Noticed Dowan
  1773 | D:4      | Killed Dowan
  1773 | D:4      | Reached skill level 5 in Spellcasting
  2082 | D:4      | HP: 2/41 [Duvessa/short sword (4)]
  2083 | D:4      | Slain by Duvessa

Vault maps used:
D:1:      tarquinn_simple_flora_water_f, serial_forest, infiniplex_forest_end_1,
          infiniplex_forest_clump_double, infiniplex_forest_lined_3,
          infiniplex_forest_corner_2, infiniplex_forest_zigzag_1,
          infiniplex_forest_clump_large, infiniplex_forest_straight_2,
          infiniplex_forest_lined_2, tso_altar
D:2:      minivault_11, minmay_tromino_i4, uniq_sigmund, uniq_terence
D:3:      first_ration
D:4:      nicolae_ru_sacrificial_ziggurat, uniq_duvessa,
          uniq_crazy_yiuf_cottage, uniq_menkaure
D:5:      grunt_temple_overflow_forces_of_nature, uniq_blork_the_orc

Skill      XL: |  1  2  3  4  5  6 |
---------------+-------------------+-----
Spellcasting   | 3 4 5 |  5.1
Ice Magic      | 3 4 5 |  5.2
Dodging        | |  1.5
Stealth        | |  1.5
Conjurations   | |  0.7

Action                   |  1- 3 |  4- 6 || total
-------------------------+-------+-------++-------
 Fire: Hunting sling     |     8 |    30 ||    38
 Cast: Freeze            |    23 |    43 ||    66
       Throw Frost       |       |     3 ||     3
       Summon Ice Beast  |       |     2 ||     2
       Throw Icicle      |       |     2 ||     2
  Use: Scroll            |       |     3 ||     3
Armor: Robe              |     6 |     5 ||    11
Dodge: Dodged            |    13 |    32 ||    45

Table legend:
 A = Non-vault XP
 B = Vault XP
 C = Vault XP percentage of total XP
 D = Non-vault monster count
 E = Vault monster count
 F = Vault count percentage of total count
                 A         B        C        D         E       F
            +---------+---------+-------+---------+---------+-------
      Total |     447 |      73 |  14.0 |      39 |       4 |   9.3
            +---------+---------+-------+---------+---------+-------
        D:1 |       6 |       0 |   0.0 |       4 |       0 |   0.0
        D:2 |       3 |       4 |  57.1 |       3 |       3 |  50.0
        D:3 |     204 |       0 |   0.0 |      20 |       0 |   0.0
        D:4 |     234 |      69 |  22.8 |      12 |       1 |   7.7
            +---------+---------+-------+---------+---------+-------
